 Dungeon Crawl Stone Soup version 0.31-a0-164-g2312942fda (webtiles) character file.

Game seed: 11636190051959649362

498 qw the Chopper (level 7, -6/43 HPs)
             Began as a Gargoyle Fighter on June 13, 2023.
             Mangled by Duvessa
             ... wielding a +0 rapier
              (11 damage)
             ... on level 4 of the Dungeon.
             The game lasted 00:01:25 (2460 turns).

qw the Chopper (Gargoyle Fighter)                   Turns: 2460, Time: 00:01:26

Health: -6/43      AC: 13    Str: 21    XL:     7   Next: 16%
Magic:  7/7        EV: 10    Int:  9    God:
Gold:   236        SH:  4    Dex:  9    Spells: 6/6 levels left

rFire   . . .        Y - +4 war axe
rCold   . . .        c - +0 buckler
rNeg    + . .        b - +0 scale mail
rPois   inf          a - +0 helmet
rElec   +            (no cloak)
rCorr   .            (no gloves)
SInv    .            g - +0 pair of boots
Will    .....        (no amulet) Stlth
                     (no ring)
HPRegen 0.27/turn    (no ring)
MPRegen 0.10/turn

%: no passive effects
@: no status effects
A: sickness immunity, AC +4, negative energy resistance 1, electricity
resistance, torment resistance 1, petrification resistance
a: no special abilities


You were on level 4 of the Dungeon.
You visited 1 branch of the dungeon, and saw 4 of its levels.

You collected 236 gold pieces.


Innate Abilities, Weirdness & Mutations

You are immune to sickness and miasma.
Your stone body is resilient. (AC +4)
You are immune to poison.
You resist negative energy. (rN+)
You are resistant to electric shocks. (rElec)
You are resistant to unholy torment.
You are immune to petrification.


   Skills:
 - Level 4.0 Fighting
 + Level 6.0 Axes
 - Level 3.2 Armour
 - Level 2.1 Dodging
 - Level 3.2 Shields


You had 6 spell levels left.
You didn't know any spells.
Your spell library was empty.

Inventory:

Hand Weapons
 o - a +0 flail
 Y - a +4 war axe (weapon)
Missiles
 j - 9 boomerangs (quivered)
Armour
 a - a +0 helmet (worn)
 b - a +0 scale mail (worn)
 c - a +0 buckler (worn)
 f - a +0 chain mail
 g - a +0 pair of boots (worn)
 k - the +1 cloak "Jyugryw" {Harm}
   (You found it on level 2 of the Dungeon)

   Harm:      It increases damage dealt and taken.
Scrolls
 i - 2 scrolls of identify
 l - a scroll of blinking {unknown}
Potions
 d - a potion of might
 e - a potion of haste
 h - a potion of curing
 m - a potion of lignification

Dungeon Overview and Level Annotations

Branches:
Dungeon (4/15)
 Temple: D:4-7

Altars:
Qazlal

Annotations:
D:4 Duvessa


Message History

Dowan barely misses you.
You slash Dowan!
Dowan is heavily wounded.
Dowan hits you but does no damage.
You slice Dowan!!
You kill Dowan!
Duvessa screams in rage.
Duvessa goes berserk!
Your Axes skill increases to level 6!
You start waiting.
You hear a shout!
Duvessa is nearby!
You slash Duvessa!
Duvessa is lightly wounded.
Duvessa completely misses you. Duvessa hits you with a +0 rapier.
You hit Duvessa but do no damage.
Duvessa is lightly wounded.
Duvessa hits you with a +0 rapier. x2
You barely miss Duvessa.
Duvessa is lightly wounded.
You block Duvessa's attack. Duvessa hits you but does no damage.
You barely miss Duvessa.
Duvessa is lightly wounded.
Duvessa hits you with a +0 rapier! Duvessa hits you but does no damage.
You slash Duvessa!
Duvessa is moderately wounded.
Duvessa hits you with a +0 rapier. x2
You hit Duvessa.
Duvessa is moderately wounded.
Duvessa hits you with a +0 rapier! You block Duvessa's attack.
You barely miss Duvessa.
Duvessa is moderately wounded.
Duvessa hits you with a +0 rapier. Duvessa hits you but does no damage.
You hit Duvessa but do no damage.
Duvessa is moderately wounded.
You block Duvessa's attack.
You slash Duvessa!
Duvessa is heavily wounded.
Duvessa hits you with a +0 rapier!
You die...

### ......#### ..
#.........#
..#...#.#...# .
.#..#...#..# ..
...#.....#.# .e.
#...._....# ..
#.#.....#.#
#.##.#@.#...#..#
......e...#.#...#
................###
......##.#.##.....#
###### #...##.###.#
# ######'#.#.#.###
#####.......#...#
................
............#####.


You could see Duvessa (berserk).

Vanquished Creatures
  Sigmund (D:4)
  A sky beast (D:4)
  A scorpion (D:4)
  Dowan (D:4)
  An orc wizard (D:3)
  4 adders
  2 worms (D:3)
  A dart slug (D:3)
  10 orcs
  7 bats
  5 endoplasms
  3 giant cockroaches
  8 goblins
  6 hobgoblins
  4 jackals (D:2)
  6 ball pythons
  A frilled lizard (D:1)
  5 kobolds
  10 rats
77 creatures vanquished.

Notes
Turn   | Place    | Note
-------+----------+-------------------------------------------
     0 | D:1      | qw the Gargoyle Fighter began the quest for the Orb.
     0 | D:1      | Reached XP level 1. HP: 14/14 MP: 1/1
     0 | D:1      | 0 ||| qw: Version: 0.2-a-29-gc1b59c4
     0 | D:1      | 0 ||| qw: Game counter: 4555
     0 | D:1      | 0 ||| qw: Always use a shield: true
     0 | D:1      | 0 ||| qw: God list: Okawaru
     0 | D:1      | 0 ||| qw: Allow faded altars: false
     0 | D:1      | 0 ||| qw: Do Orc after D:15 true
     0 | D:1      | 0 ||| qw: Do second Lair branch before Depths: true
     0 | D:1      | 0 ||| qw: Lair rune preference: random
     0 | D:1      | 0 ||| qw: Plans: Normal, Zot:1-4, Slime:5, God:TSO, Crypt,
                  | Tomb, Abyss, Pan, Hells, Win
     0 | D:1      | 0 ||| PLANNING D:1-11
    95 | D:1      | Reached skill level 2 in Axes
    96 | D:1      | 96 ||| Stepping ~*~*~tactically~*~*~ (stealth).
    99 | D:1      | 99 ||| Stepping ~*~*~tactically~*~*~ (stealth).
   139 | D:1      | Reached XP level 2. HP: 19/19 MP: 2/2
   681 | D:1      | 681 ||| READING scroll labelled TOUNILAVIU.
   682 | D:1      | 682 ||| READING 7 scrolls labelled TIRPHO QOSUKKOSU.
   683 | D:1      | 683 ||| READING 2 scrolls labelled NEJIEWKORYQ.
   684 | D:1      | 684 ||| READING scroll labelled ZIEXUOKKYNT.
   685 | D:1      | 685 ||| READING 6 scrolls of identify.
   685 | D:1      | 685 ||| IDENTIFYING red potion
   686 | D:1      | 686 ||| READING 5 scrolls of identify.
   686 | D:1      | 686 ||| IDENTIFYING golden potion
   687 | D:1      | 687 ||| READING 4 scrolls of identify.
   687 | D:1      | 687 ||| IDENTIFYING ruby potion
   688 | D:1      | 688 ||| DROPPING potion of enlightenment.
   689 | D:1      | 689 ||| DROPPING scroll of immolation.
   690 | D:1      | 690 ||| DROPPING potion of degeneration.
   756 | D:2      | Reached skill level 3 in Axes
   756 | D:2      | Reached XP level 3. HP: 21/23 MP: 3/3
   769 | D:2      | 769 ||| Stepping ~*~*~tactically~*~*~ (stealth).
   844 | D:2      | Found a faded altar of an unknown god.
   909 | D:2      | Identified the +1 cloak "Jyugryw" {Harm}
  1200 | D:2      | 1200 ||| READING scroll labelled WEVANE PIRA.
  1301 | D:2      | 1301 ||| READING scroll labelled MESIGY YV OXZO.
  1302 | D:2      | 1302 ||| READING scroll labelled RAQULLE DUMA.
  1303 | D:2      | 1303 ||| READING 4 scrolls of identify.
  1303 | D:2      | 1303 ||| IDENTIFYING grey potion
  1304 | D:2      | 1304 ||| READING 3 scrolls of identify.
  1304 | D:2      | 1304 ||| IDENTIFYING black potion
  1305 | D:2      | 1305 ||| READING 2 scrolls of identify.
  1305 | D:2      | 1305 ||| IDENTIFYING murky ruby potion
  1306 | D:2      | 1306 ||| DROPPING potion of invisibility.
  1382 | D:3      | Reached XP level 4. HP: 28/28 MP: 4/4
  1423 | D:3      | 1423 ||| Stepping ~*~*~tactically~*~*~ (stealth).
  1427 | D:3      | 1427 ||| Stepping ~*~*~tactically~*~*~ (hiding).
  1582 | D:3      | 1582 ||| Stepping ~*~*~tactically~*~*~ (stealth).
  1584 | D:3      | 1584 ||| Stepping ~*~*~tactically~*~*~ (hiding).
  1592 | D:3      | Reached skill level 4 in Axes
  1642 | D:3      | 1642 ||| DROPPING +0 whip of freezing.
  1643 | D:3      | 1643 ||| DROPPING +0 mace.
  1710 | D:3      | 1710 ||| FLEEEEING.
  1711 | D:3      | 1711 ||| FLEEEEING.
  1712 | D:3      | 1712 ||| FLEEEEING.
  1713 | D:3      | 1713 ||| FLEEEEING.
  1714 | D:3      | 1714 ||| FLEEEEING.
  1715 | D:3      | 1715 ||| FLEEEEING.
  1716 | D:3      | 1716 ||| FLEEEEING.
  1717 | D:3      | 1717 ||| FLEEEEING.
  1718 | D:3      | 1718 ||| FLEEEEING.
  1719 | D:3      | 1719 ||| FLEEEEING.
  1720 | D:3      | 1720 ||| FLEEEEING.
  1721 | D:3      | 1721 ||| FLEEEEING.
  1722 | D:3      | 1722 ||| FLEEEEING.
  1723 | D:3      | 1723 ||| FLEEEEING.
  1724 | D:3      | 1724 ||| FLEEEEING.
  1725 | D:3      | 1725 ||| FLEEEEING.
  1726 | D:3      | 1726 ||| FLEEEEING.
  1727 | D:3      | 1727 ||| FLEEEEING.
  1728 | D:3      | 1728 ||| FLEEEEING.
  1729 | D:3      | 1729 ||| FLEEEEING.
  1730 | D:3      | 1730 ||| FLEEEEING.
  1731 | D:3      | 1731 ||| FLEEEEING.
  1732 | D:3      | 1732 ||| FLEEEEING.
  1733 | D:3      | 1733 ||| FLEEEEING.
  1734 | D:3      | 1734 ||| FLEEEEING.
  1735 | D:3      | 1735 ||| STAIRDANCE
  1746 | D:2      | 1746 ||| UPGRADING to +0 helmet.
  1751 | D:2      | 1751 ||| READING scroll labelled LIKARPH OSETIO.
  1752 | D:2      | 1752 ||| READING 4 scrolls labelled YCUHURCHIMIR.
  1753 | D:2      | 1753 ||| READING 3 scrolls of enchant weapon.
  1753 | D:2      | 1753 ||| ENCHANTING +1 war axe.
  1754 | D:2      | 1754 ||| READING 2 scrolls of enchant weapon.
  1754 | D:2      | 1754 ||| ENCHANTING +2 war axe.
  1755 | D:2      | 1755 ||| READING scroll of enchant weapon.
  1755 | D:2      | 1755 ||| ENCHANTING +3 war axe.
  1760 | D:3      | Reached XP level 5. HP: 31/32 MP: 5/5
  1839 | D:3      | 1839 ||| Stepping ~*~*~tactically~*~*~ (stealth).
  2044 | D:3      | 2044 ||| UPGRADING to +0 pair of boots.
  2049 | D:3      | 2049 ||| READING scroll labelled NELOAFEJIOCS.
  2078 | D:4      | Noticed Sigmund
  2079 | D:4      | 2079 ||| Stepping ~*~*~tactically~*~*~ (hiding).
  2090 | D:4      | Killed Sigmund
  2091 | D:4      | Reached skill level 5 in Axes
  2091 | D:4      | Reached XP level 6. HP: 29/37 MP: 6/6
  2116 | D:4      | 2116 ||| Stepping ~*~*~tactically~*~*~ (stealth).
  2121 | D:4      | Identified the staff of conjuration "Wikurphips" {Fly rElec
                  | rC- Stlth-}
  2144 | D:4      | 2144 ||| Stepping ~*~*~tactically~*~*~ (hiding).
  2334 | D:4      | 2334 ||| FLEEEEING.
  2335 | D:4      | 2335 ||| FLEEEEING.
  2407 | D:4      | Found a stormy altar of Qazlal.
  2407 | D:4      | Noticed a sky beast
  2420 | D:4      | Killed a sky beast
  2421 | D:4      | Reached XP level 7. HP: 39/43 MP: 7/7
  2441 | D:4      | Noticed Dowan
  2442 | D:4      | 2442 ||| Stepping ~*~*~tactically~*~*~ (hiding).
  2446 | D:4      | 2446 ||| Stepping ~*~*~tactically~*~*~ (hiding).
  2447 | D:4      | Noticed Duvessa
  2450 | D:4      | Killed Dowan
  2451 | D:4      | Reached skill level 6 in Axes
  2457 | D:4      | HP: 5/43 [Duvessa/+0 rapier (8)]
  2460 | D:4      | Mangled by Duvessa

Levels and vault maps discovered:
D:1:      nagdon_arrival_double_spiral, layout_loops_ring, st_stairs_14,
          nicolae_titane
D:2:      layout_rooms, chequers_ecumenical_altar_simple, minmay_tripent
D:3:      layout_basic
D:4:      layout_basic, nicolae_qazlal_beasts_of_the_sky,
          kennysheep_decorative_pillar, nrook_uturn, minmay_checkerbox,
          uniq_duvessa, uniq_sigmund

Skill      XL: |  1  2  3  4  5  6  7 |
---------------+----------------------+-----
Axes           | 2 3 4 5 6 |  6.0
Fighting       | 4 |  4.0
Dodging        | 2 |  2.1
Armour         | |  3.2
Shields        | |  3.2

Action                     |  1- 3 |  4- 6 |  7- 9 || total
---------------------------+-------+-------+-------++-------
  Melee: War axe           |    83 |    75 |    12 ||   170
  Throw: Boomerang         |    32 |    45 |       ||    77
    Use: Scroll            |    13 |     6 |       ||    19
 Armour: Scale mail        |    39 |    28 |     4 ||    71
  Dodge: Dodged            |    31 |    28 |     2 ||    61
  Block: Buckler           |    13 |    14 |     3 ||    30

Table legend:
 A = Non-vault XP
 B = Vault XP
 C = Vault XP percentage of total XP
 D = Non-vault monster count
 E = Vault monster count
 F = Vault count percentage of total count
                 A         B        C        D         E       F
            +---------+---------+-------+---------+---------+-------
      Total |     299 |     413 |  58.0 |      70 |       7 |   9.1
            +---------+---------+-------+---------+---------+-------
        D:1 |      24 |       2 |   7.7 |      15 |       2 |  11.8
        D:2 |      48 |       3 |   5.9 |      21 |       2 |   8.7
        D:3 |      99 |       0 |   0.0 |      23 |       0 |   0.0
        D:4 |     128 |     408 |  76.1 |      11 |       3 |  21.4
            +---------+---------+-------+---------+---------+-------
